 Dungeon Crawl Stone Soup version 0.18.1-48-g4cf74bf (webtiles) character file.

483 Mechanique the Conjurer (level 6, -2/41 HPs)
             Began as a Mummy Wizard on Aug 29, 2016.
             Slain by a jackal (3 damage)
             ... on level 4 of the Dungeon on Aug 30, 2016.
             The game lasted 00:30:01 (6920 turns).

Mechanique the Conjurer (Mummy Wizard)              Turns: 6920, Time: 00:30:02

Health: -2/41      AC:  2    Str: 11    XL:     6   Next: 88%
Magic:  21/21      EV: 12    Int: 19    God:
Gold:   220        SH:  0    Dex: 10    Spells: 3 memorised, 7 levels left

rFire  x . .     SeeInvis .     e - +0 spear
rCold  + + .     Gourm    .     p - +0 robe
rNeg   + + +     Faith    .     (no shield)
rPois  ∞         Spirit   .     b - +0 hat
rElec  .         Dismiss  .     (no cloak)
rCorr  .         Reflect  .     (no gloves)
SustAt .         Harm     .     (no boots)
MR     .....                    (no amulet)
Stlth  ++........               o - ring of magical power
                                f - ring of protection from cold

@: not resistant to hostile enchantments, unstealthy
A: no food or potions, fire vulnerability, cold resistance 1, negative energy
resistance 3, torment resistance, unbreathing
a: no special abilities


You were on level 4 of the Dungeon.
You were not hungry.

You visited 1 branch of the dungeon, and saw 5 of its levels.

You collected 220 gold pieces.

Inventory:

Hand Weapons
 e - a +0 spear (weapon)
Armour
 b - a +0 hat (worn)
 p - a +0 robe (worn)
Jewellery
 f - a ring of protection from cold (left hand)
 o - a ring of magical power (right hand)
Scrolls
 a - a scroll of immolation {unknown}
 d - 2 scrolls of recharging {unknown}
 g - a scroll of magic mapping {unknown}
 h - 4 scrolls of remove curse {unknown}
 i - 4 scrolls of identify {unknown}
 j - 2 scrolls of fear {unknown}
 k - 2 scrolls of teleportation {unknown}
 l - a scroll of enchant weapon {unknown}
 n - a scroll of noise {unknown}
Books
 c - a book of Minor Magic

   Spells                             Type                      Level
   a - Magic Dart                     Conjuration                  1
   b - Blink                          Translocation                2
   c - Call Imp                       Summoning                    2
   d - Repel Missiles                 Charms/Air                   2
   e - Slow                           Hexes                        2
   f - Conjure Flame                  Conjuration/Fire             3
   g - Mephitic Cloud                 Conjuration/Poison/Air       3


   Skills:
 - Level 1.5 Dodging
 - Level 1.5 Stealth
 - Level 4.0 Spellcasting
 + Level 4.5 Conjurations
 - Level 3.0 Summonings
   Level 0.7 Translocations


You had 7 spell levels left.
You knew the following spells:

 Your Spells              Type           Power        Failure   Level  Hunger
a - Magic Dart            Conj           ###.         1%          1    N/A
b - Call Imp              Summ           ###.....     8%          2    N/A
c - Mephitic Cloud        Conj/Pois/Air  #.......     21%         3    N/A

Dungeon Overview and Level Annotations

Branches:
Dungeon (5/15)
 Temple: D:4-7

Altars:
Xom
Yredelemnul


Innate Abilities, Weirdness & Mutations

You do not eat or drink.
Your flesh is vulnerable to fire.
You are immune to poison.
Your flesh is cold resistant.
You are immune to negative energy.
You are immune to unholy pain and torment.
You can survive without breathing.


Message History

The jackal bites you but does no damage.
You miss something.
You hear some strange, mumbled words.
Something tries to affect you, but you resist.
The jackal bites you.
* * * LOW HITPOINT WARNING * * *
Okay, then.
Memorise Blink, consuming 2 spell levels and leaving 5?
The jackal bites you but does no damage.
Your memorisation is interrupted.
Something hits you.
* * * LOW HITPOINT WARNING * * *
The jackal closely misses you. Something barely misses you.
The jackal closely misses you.
You barely miss the jackal. The jackal completely misses you.
Something hits you.
* * * LOW HITPOINT WARNING * * *
You hit the jackal.
The jackal is lightly wounded.
The jackal bites you.
You die...

....# ###### #.#.#
#....# ..#.# #....#
###.######....#
..#.##...#....####
#.#.##...'.......#
#.#.##...#######.#
#.#.##......####{#
..........[...oh@#
#.####...##.######
........[##.#
#.####......######
#'###............#
....#............#
....#....).......#
....##...........#
....##.[)........##


You could see an orc and a jackal.

Vanquished Creatures
  A phantom (D:3)
  A worker ant (D:4)
  9 adders
  2 oozes
  2 worms (D:2)
  4 dart slugs
  5 giant geckos
  6 orcs (D:4)
  8 giant cockroaches
  5 hobgoblins
  10 jackals
  A quokka (D:3)
  A ball python (D:3)
  9 bats
  3 giant newts
  3 goblins
  4 kobolds
  10 rats
84 creatures vanquished.

Vanquished Creatures (collateral kills)
  The ghost of GFox the Skirmisher, an amateur OgFi of Cheibriados (D:4)
  A crimson imp (D:3)
  An orc priest (D:4)
  2 orc wizards (D:4)
  2 adders
  A worm (D:4)
  4 orcs (D:4)
  2 quokkas (D:4)
14 creatures vanquished.

Grand Total: 98 creatures vanquished

Notes
Turn   | Place    | Note
--------------------------------------------------------------
     0 | D:1      | Mechanique the Mummy Wizard began the quest for the Orb.
     0 | D:1      | Reached XP level 1. HP: 13/13 MP: 4/4
   157 | D:1      | Reached skill level 1 in Conjurations
   501 | D:1      | Reached XP level 2. HP: 8/19 MP: 0/6
   873 | D:1      | Learned a level 2 spell: Call Imp
  1068 | D:1      | Reached skill level 1 in Summonings
  1149 | D:2      | Found a shimmering altar of Xom.
  1162 | D:2      | Reached XP level 3. HP: 22/24 MP: 1/7
  1360 | D:2      | Found a basalt altar of Yredelemnul.
  1941 | D:2      | Reached XP level 4. HP: 30/30 MP: 2/8
  3397 | D:3      | Reached XP level 5. HP: 25/35 MP: 1/10
  3958 | D:3      | Learned a level 3 spell: Mephitic Cloud
  4885 | D:4      | Noticed GFox's ghost (amateur OgFi)
  5657 | D:4      | Reached XP level 6. HP: 26/41 MP: 11/11
  6555 | D:4      | Killed GFox's ghost
  6814 | D:5      | Entered Level 5 of the Dungeon
  6917 | D:4      | HP: 1/41 [something (6)]
  6920 | D:4      | Slain by a jackal

Skill      XL: |  1  2  3  4  5  6 |
---------------+-------------------+-----
Conjurations   | 1 2 3 4 |  4.5
Summonings     | 1 2 3 |  3.0
Spellcasting   | 4 |  4.0
Dodging        | |  1.5
Stealth        | |  1.5
Translocations | |  0.7

Action                   |  1- 3 |  4- 6 || total
-------------------------+-------+-------++-------
Melee: Dagger            |    13 |       ||    13
       Spear             |    49 |    88 ||   137
       Unarmed           |     9 |       ||     9
 Cast: Magic Dart        |    85 |   141 ||   226
       Call Imp          |       |    57 ||    57
 Stab: Sleeping          |       |     1 ||     1
       Distracted        |       |     1 ||     1
Armor: Robe              |    12 |    14 ||    26
Dodge: Dodged            |    38 |   100 ||   138
